 Dungeon Crawl Stone Soup version 0.17.1-3-g152610e (webtiles) character file.

209188 manyhoops the Severer (level 18, 0/150 HPs)
             Began as a Demonspawn Gladiator on Apr 23, 2016.
             Was a High Priest of Okawaru.
             Drowned by a water elemental (8 damage)
             ... summoned by Ilsuiw
             ... on level 4 of the Shoals on Apr 24, 2016.
             The game lasted 02:26:01 (45460 turns).

manyhoops the Severer (Demonspawn Gladiator)       Turns: 45460, Time: 02:26:01

Health: 0/150      AC: 27    Str: 20 (21) XL:     18   Next: 15%
Magic:  24/24      EV: 13    Int: 11      God:    Okawaru [*****.]
Gold:   1756       SH:  0    Dex: 15      Spells: 0 memorised, 17 levels left

rFire  . . .     SeeInvis .     b - +7 battleaxe (chop)
rCold  + . .     Clarity  +     K - +3 chain mail {rC+}
rNeg   . . .     SustAt   .     (shield currently unavailable)
rPois  +         Gourm    .     Y - +0 helmet "Giwaotyo" {rPois MR+}
rElec  .         Spirit   .     (no cloak)
rCorr  .         Warding  .     (no gloves)
rMut   .         Stasis   .     (boots unavailable)
MR     +++..                    G - amulet of clarity
Stlth  ..........               d - ring of protection from magic
                                x - +4 ring of protection

@: heroism, finesse, engulfed (cannot breathe), extremely resistant to hostile
enchantments, extremely unstealthy
A: talons 3, thin metallic scales 2, demonic guardian 2, deterioration 1,
powered by pain 2, screaming 1
a: Heroism, Finesse, Renounce Religion
}: 1/15 runes: gossamer


You were on level 4 of the Shoals.
You worshipped Okawaru.
Okawaru was extremely pleased with you.
You were full.

You visited 6 branches of the dungeon, and saw 36 of its levels.
You visited 1 bazaar.
You also visited: Ossuary.

You collected 3497 gold pieces.
You spent 1741 gold pieces at shops.

Inventory:

Hand Weapons
 b - a +7 battleaxe of chopping (weapon)
 e - the +6 battleaxe "Ynoschats" {flame, Int+5}
   (Okawaru gifted it to you on level 7 of the Lair of Beasts)

   It has been specially enchanted to burn those struck by it, causing extra
   injury to most foes and up to half again as much damage against particularly
   susceptible opponents.
   Big, fiery blades are also staple armaments of hydra-hunters.
   It affects your intelligence (+5).
Missiles
 B - 6 throwing nets (quivered)
Armour
 c - the +2 pair of gloves of Cigrasch {-Tele Int+2 Dex+10}
   (You bought it in a shop in a bazaar)

   It affects your intelligence (+2).
   It affects your dexterity (+10).
   It prevents most forms of teleportation.
 t - the +0 scale mail of the Gastropod {MR+ rCorr Str+2}
   (You bought it in a shop in a bazaar)

   It affects your strength (+2).
   It affects your resistance to hostile enchantments.
   It protects you from acid and corrosion.
 F - a +2 pair of gloves of strength
 K - a +3 chain mail of cold resistance (worn)
 N - a +2 pair of boots
 Y - the +0 helmet "Giwaotyo" (worn) {rPois MR+}
   (You bought it in a shop on level 11 of the Dungeon)

   It protects you from poison.
   It affects your resistance to hostile enchantments.
Jewellery
 d - a ring of protection from magic (right hand)
 s - an uncursed ring of flight
 x - a +4 ring of protection (left hand)
 D - an uncursed ring of see invisible
 G - an amulet of clarity (around neck)
Wands
 m - a wand of slowing (22)
 y - a wand of confusion (32)
 R - a wand of frost (27)
 S - a wand of disintegration (9)
 T - a wand of cold (10)
 U - a wand of lightning (9)
 V - a wand of fire (7)
Scrolls
 g - 12 scrolls of immolation
 h - 3 scrolls of recharging
 i - 4 scrolls of amnesia
 k - 3 scrolls of enchant armour
 l - 15 scrolls of remove curse
 o - 6 scrolls of random uselessness
 r - 3 scrolls of magic mapping
 u - 7 scrolls of fog
 C - 5 scrolls of noise
 I - 7 scrolls of teleportation
 P - 3 scrolls of fear
 X - 13 scrolls of identify
Potions
 a - a potion of magic
 f - 4 potions of ambrosia
 j - a potion of invisibility
 p - 4 potions of haste
 q - 3 potions of brilliance
 w - 2 potions of lignification
 z - 2 potions of resistance
 A - 14 potions of curing
 E - 2 potions of agility
 H - 5 potions of might
 J - 6 potions of flight
 M - 2 potions of cancellation
 Z - 3 potions of heal wounds
Miscellaneous
 n - a stone of tremors (inert)
 v - a plain deck of defence
 W - a box of beasts {used: 2}
Comestibles
 O - 17 meat rations
 Q - 3 beef jerkies


   Skills:
 - Level 15.6(20.6) Fighting
 - Level 19.9(25.0) Axes
   Level 0.8(18.5) Maces & Flails
 - Level 1.7(6.7) Throwing
 + Level 16.5(21.5) Armour
 - Level 2.6(7.6) Dodging
 - Level 8.3 Invocations
 + Level 5.5 Evocations


You had 17 spell levels left.
You didn't know any spells.

Dungeon Overview and Level Annotations

Branches:
Dungeon (15/15) Temple (1/1) D:7 Lair (8/8) D:8 Shoals (4/4) Lair:6 Spider (4/4) Lair:5 Slime (0/6) Lair:6 Orc (4/4) D:11 Elf (0/3) Orc:4 Vaults (0/5) D:13 D:14 Depths (0/5) D:15

Altars:
Ashenzari
Cheibriados
Dithmenos
Elyvilon
Fedhas
Gozag
Kikubaaqudgha
Makhleb
Nemelex Xobeh
Okawaru
Qazlal
Ru
Sif Muna
Trog
Vehumet
Xom
Yredelemnul
Zin
The Shining One
Beogh

Shops:
D:8 (   D:11 ([   D:15 (   Orc:1 *   Orc:4 ([*:   Shoals:2 }

Annotations:
D:6 manyhoops's ghost, novice DsGl
Shoals:4 Ilsuiw


Innate Abilities, Weirdness & Mutations

You have claws for feet.
You are mostly covered in thin metallic scales (AC +3).
A demonic guardian rushes to your aid.
You sometimes gain power by taking damage.
Your body sometimes deteriorates upon taking damage.
You occasionally shout uncontrollably at your foes.


Message History

The merfolk impaler hits you from afar with a trident of protection.
* * * LOW HITPOINT WARNING * * *
The siren chants a haunting song.
You are unaffected.
The harpy zombie claws you.
* * * LOW HITPOINT WARNING * * *
The harpy zombie misses you.
The merfolk aquamancer points at you and mumbles some strange words.
The ball of steam hits your ice devil. The water elemental hits you.
Your soul eater hits the harpy zombie.
The water elemental barely misses you.
The dungeon trembles and rubble falls from the walls!
The falling rubble hits the harpy zombie.
The falling rubble hits the water elemental.
The water elemental is lightly damaged.
The falling rubble hits the merfolk impaler.
The merfolk impaler is lightly wounded.
The falling rubble misses the siren.
The falling rubble hits the merfolk javelineer.
The merfolk javelineer is moderately wounded.
The rubble rises up and takes form.
You die...

≈≈≈≈≈≈≈≈≈≈≈≈≈≈≈≈≈≈≈≈≈
≈≈≈≈≈≈≈≈.≈≈≈≈≈≈≈≈≈≈≈
≈≈≈≈≈≈≈≈≈≈≈≈≈≈≈≈≈≈≈
≈≈≈≈≈≈≈≈≈≈≈≈≈≈≈≈≈≈≈
≈≈≈≈≈[≈≈≈≈≈≈#######
≈≈≈≈≈≈≈≈≈≈.##
≈≈≈≈§≈§≈3≈##
≈≈≈m§≈3≈EZ#
..≈§≈§≈mZ@#
.≈≈≈≈≈EEE# .≈≈≈≈m≈m#
≈≈≈≈m≈≈m# .≈≈≈≈≈≈≈.
≈≈m≈≈≈≈≈..
.mP≈≈≈!≈...
≈≈≈P≈≈≈≈....
......P......


You could see a merfolk impaler, 2 merfolk javelineers, a merfolk aquamancer, 4
water elementals, 4 sirens, a griffon zombie, a harpy zombie, a friendly soul
eater and a friendly ice devil.

Vanquished Creatures
  Arachne (Spider:2)
  Asterion (Spider:4)
  An acid blob (Lair:6)
  Gastronok (Lair:3)
  Frances (D:14)
  Maud (D:13)
  3 ghost moths
  8 emperor scorpions
  An orc warlord (Orc:4)
  5 dire elephants (Lair:8)
  An ettin (D:15)
  2 merfolk javelineers
  Josephine (Orc:4)
  2 merfolk impalers
  7 hydras
  2 rakshasas
  2 alligator snapping turtles (Shoals:3)
  A merfolk avatar (Shoals:3)
  2 anacondas
  4 centaur warriors
  An ogre mage (D:13)
  An alligator (Shoals:3)
  A deep troll earth mage (D:15)
  3 tengu warriors
  Urug (Orc:4)
  An orc high priest (Orc:4)
  3 skeletal warriors
  A wizard (D:13)
  10 sea snakes
  2 unseen horrors
  15 harpies
  9 orc knights
  8 fauns
  9 ugly things
  20 orb spiders
  2 harpies (shapeshifter)
  18 wolf spiders
  10 manticores
  9 hill giants
  6 hornets
  A hornet (shapeshifter) (D:15)
  7 griffons
  3 water nymphs
  A salamander (shapeshifter) (D:15)
  4 orc sorcerers
  3 centaur zombies
  8 cyclopes
  6 sirens
  2 elephants (Lair:8)
  8 black mambas
  Joseph (D:10)
  A guardian serpent (shapeshifter) (D:15)
  A gargoyle (D:15)
  21 spiny frogs
  A torpor snail (Spider:4)
  A redback zombie (D:15)
  7 fire drakes
  2 efreet
  5 kobold demonologists
  A two-headed ogre (D:14)
  20 komodo dragons
  12 demonic crawlers
  21 jumping spiders
  16 merfolk
  2 polar bears (Lair:6)
  A boulder beetle (Spider:3)
  2 harpy zombies (Shoals:4)
  4 snapping turtles
  2 wind drakes
  5 slime creatures
  7 trolls
  13 blink frogs
  3 shadows
  A centaur simulacrum (D:15)
  30 tarantellas
  Sigmund (D:6)
  39 yaks
  3 wyverns
  38 redbacks
  A water elemental (Shoals:2)
  6 wraiths
  A steam dragon (Lair:8)
  11 hippogriffs
  3 basilisks
  A human (shapeshifter) (D:15)
  A deep elf mage (D:14)
  3 fire elementals
  22 trapdoor spiders
  A hippogriff (shapeshifter) (D:15)
  A hungry ghost (D:9)
  13 humans (D:14)
  6 mottled dragons
  7 vampire mosquitoes
  8 wargs
  3 hell hounds (D:12)
  13 water moccasins
  8 wolves
  5 porcupines
  A soldier ant (D:15)
  2 sky beasts
  3 boggarts (D:15)
  2 eyes of draining
  A black bear (D:8)
  24 spiders
  33 orc warriors
  2 phantoms
  3 necrophages
  An ice beast (D:5)
  A wasp (D:15)
  19 ogres
  11 centaurs
  16 crocodiles
  Blork the orc (D:6)
  2 big kobolds
  9 giant frogs
  4 scorpions
  4 electric eels
  5 killer bees
  3 jellies
  10 crimson imps
  A human zombie (Ossuary)
  10 hounds
  A quasit (D:13)
  An iron imp (D:5)
  28 orc priests
  3 centaur skeletons
  A giant frog zombie (D:12)
  13 iguanas
  2 gnoll shamans
  A giant frog skeleton (D:10)
  33 orc wizards
  9 worker ants
  10 sheep
  A spectral hound (D:9)
  A big kobold zombie (Ossuary)
  A hound zombie (D:5)
  3 hound skeletons
  3 mummies (Ossuary)
  A worker ant zombie (D:9)
  13 adders
  61 river rats
  13 gnolls
  3 shadow imps
  5 oozes (Lair:6)
  2 adder zombies
  2 adder skeletons (D:9)
  5 worms
  3 giant geckos
  181 orcs
  2 ball pythons
  14 giant cockroaches
  A gnoll zombie (Ossuary)
  4 goblins
  9 hobgoblins
  11 jackals
  6 bats
  A giant cockroach zombie (D:6)
  A giant gecko skeleton (D:6)
  6 giant newts
  6 goblin zombies
  2 hobgoblin zombies (D:5)
  A jackal zombie (D:8)
  21 kobolds
  2 kobold zombies
  5 orc skeletons (D:5)
  An orc zombie (Ossuary)
  11 quokkas
  2 quokka zombies
  13 rats
  11 fungi
  15 plants
1308 creatures vanquished.

Vanquished Creatures (collateral kills)
  Rupert (Orc:3)
  A ghost moth (Spider:4)
  The ghost of Shenda the Impaler, a journeyman MiFi of Okawaru (Spider:1)
  A stone giant (Shoals:1)
  Azrael (D:12)
  An ice dragon (D:13)
  5 hydras
  A merfolk avatar (Shoals:3)
  A centaur warrior (D:14)
  A sea snake (Shoals:3)
  5 harpies
  3 wolf spiders
  A hill giant (D:13)
  A water nymph (Shoals:3)
  A manticore (Shoals:2)
  2 cyclopes
  2 orb spiders (Spider:4)
  2 ugly things (D:12)
  A siren (Shoals:2)
  A griffon (D:13)
  2 elephants (Lair:8)
  A hornet (D:14)
  3 centaur skeletons
  3 spiny frogs
  A kobold demonologist (D:15)
  2 merfolk (Shoals:3)
  A demonic crawler (Spider:1)
  4 jumping spiders
  2 blink frogs
  A tengu conjurer (D:13)
  A two-headed ogre (D:15)
  A trapdoor spider (Spider:4)
  A redback (Spider:2)
  3 tarantellas
  A wyvern (Lair:7)
  3 humans (D:14)
  A steam dragon (D:10)
  2 yaks
  A vampire mosquito (D:15)
  A mottled dragon (D:15)
  A basilisk (Lair:1)
  A hippogriff (Shoals:3)
  A porcupine (Lair:7)
  2 spiders
  A black bear (D:3)
  An orc warrior (Orc:2)
  2 giant frogs
  A crimson imp (D:15)
  A hound (D:8)
  2 orc priests
  4 orc wizards
  An iguana (D:4)
  9 sheep
  2 river rats (Lair:2)
  A shadow imp (D:6)
  3 orcs
  A bat (Shoals:3)
102 creatures vanquished.

Vanquished Creatures (others)
  A merfolk impaler (Shoals:2)
  An ogre mage (D:15)
  A griffon (D:15)
  A demonic crawler (Spider:3)
  A scorpion (D:12)
  10 fungi
  5 plants
20 creatures vanquished.

Grand Total: 1430 creatures vanquished

Notes
Turn   | Place    | Note
--------------------------------------------------------------
     0 | D:1      | manyhoops the Demonspawn Gladiator began the quest for the Orb.
     0 | D:1      | Reached XP level 1. HP: 16/16 MP: 1/1
   166 | D:1      | Reached skill level 3 in Axes
   166 | D:1      | Gained mutation: A weak demonic guardian rushes to your aid. [demonic ancestry]
   166 | D:1      | Reached XP level 2. HP: 2/22 MP: 2/2
  1024 | D:1      | Reached skill level 1 in Armour
  1026 | D:1      | Gained mutation: You have sharp toenails. [demonic ancestry]
  1026 | D:1      | Reached XP level 3. HP: 27/27 MP: 3/3
  1479 | D:2      | Reached XP level 4. HP: 23/34 MP: 4/4
  2133 | D:2      | Found a burning altar of Makhleb.
  2318 | D:3      | Noticed a black bear
  2338 | D:3      | HP: 1/34 [black bear (1)]
  2354 | D:3      | Killed a black bear
  2354 | D:3      | Reached skill level 4 in Axes
  2354 | D:3      | Gained mutation: You sometimes gain a little power by taking damage. [demonic ancestry]
  2354 | D:3      | Reached XP level 5. HP: 2/39 MP: 5/5
  2636 | D:3      | Found a basalt altar of Yredelemnul.
  3163 | D:4      | Found a sparkling altar of Nemelex Xobeh.
  3169 | D:4      | Noticed an ogre
  3181 | D:4      | Killed an ogre
  3181 | D:4      | Reached XP level 6. HP: 36/47 MP: 6/6
  3239 | D:4      | HP: 2/47 [orc/club (2)]
  3993 | D:5      | Entered Level 5 of the Dungeon
  4164 | D:5      | Reached XP level 7. HP: 54/54 MP: 7/7
  4351 | D:5      | Found a white marble altar of Elyvilon.
  4351 | D:5      | Found a shadowy altar of Dithmenos.
  4352 | D:5      | Found a deep blue altar of Sif Muna.
  4379 | D:5      | Found a glowing golden altar of the Shining One.
  4640 | D:5      | Reached skill level 5 in Axes
  4764 | D:5      | Reached skill level 5 in Fighting
  5319 | D:6      | Found a bloodstained altar of Trog.
  5422 | D:6      | Reached XP level 8. HP: 46/63 MP: 8/8
  5639 | D:6      | Noticed manyhoops's ghost (novice DsGl)
  5690 | D:5      | Reached skill level 6 in Axes
  5865 | D:6      | Reached skill level 5 in Armour
  6048 | D:6      | Noticed Blork the orc
  6129 | D:6      | Killed Blork the orc
  6165 | D:6      | Noticed Sigmund
  6183 | D:6      | Killed Sigmund
  6547 | D:6      | Reached skill level 7 in Fighting
  6983 | D:7      | Found a radiant altar of Vehumet.
  7023 | D:7      | Found a staircase to the Ecumenical Temple.
  7029 | Temple   | Entered the Ecumenical Temple
  7268 | D:7      | Gained mutation: You sometimes gain power by taking damage. [demonic ancestry]
  7268 | D:7      | Reached XP level 9. HP: 72/72 MP: 9/9
  7557 | D:7      | Found an iron altar of Okawaru.
  7694 | D:7      | Became a worshipper of Warmaster Okawaru
  7965 | D:7      | Reached skill level 8 in Fighting
  8326 | D:8      | Found a sand-covered staircase.
  8358 | Ossuary  | Entered an ossuary
  8745 | D:8      | Noticed an orc knight
  9064 | D:8      | Noticed a komodo dragon
  9169 | D:8      | Reached * piety under Okawaru
  9263 | D:8      | Found Virphopn's Weapon Shoppe.
  9429 | D:8      | Paralysed by a gnoll for 2 turns
  9436 | D:8      | Found a shimmering altar of Xom.
  9510 | D:8      | Killed a komodo dragon
  9510 | D:8      | Reached skill level 9 in Fighting
  9864 | D:9      | Reached XP level 10. HP: 81/83 MP: 10/10
 10252 | D:9      | Found a bloodstained altar of Trog.
 10343 | D:9      | Got a translucent plate armour
 10364 | D:9      | Identified the +1 plate armour of the Guild-Master {rF+} (You found it on level 9 of the Dungeon)
 10488 | D:10     | Entered Level 10 of the Dungeon
 10596 | D:10     | Reached skill level 1 in Invocations
 10636 | D:10     | Noticed a hill giant
 10652 | D:10     | Killed a hill giant
 10652 | D:10     | Reached ** piety under Okawaru
 10789 | D:10     | Noticed Joseph
 10803 | D:10     | Killed Joseph
 10907 | D:10     | Found a sacrificial altar of Ru.
 11172 | D:11     | Reached skill level 10 in Fighting
 11205 | D:11     | Found Nipe's Weapon Shoppe.
 11205 | D:11     | Found a staircase to the Orcish Mines.
 11205 | D:11     | Found Fioseena's Armour Shoppe.
 11205 | D:11     | Noticed an orc knight
 11239 | D:11     | Killed an orc knight
 11239 | D:11     | Reached *** piety under Okawaru
 11239 | D:11     | Reached skill level 11 in Fighting
 11443 | D:11     | Bought the cursed +0 helmet "Giwaotyo" {rPois MR+} for 237 gold pieces
 11647 | D:11     | Reached skill level 12 in Fighting
 11660 | Orc:1    | Entered Level 1 of the Orcish Mines
 11985 | D:11     | Bought a +2 pair of boots for 214 gold pieces
 12109 | Orc:2    | Found a roughly hewn altar of Beogh.
 12188 | Orc:2    | Reached skill level 13 in Fighting
 13181 | Orc:2    | Reached XP level 11. HP: 73/98 MP: 9/12
 13438 | Orc:1    | Found Erritet's Assorted Antiques.
 13447 | Orc:1    | Bought a potion of curing for 90 gold pieces
 13447 | Orc:1    | Bought a tiny zirconium amulet for 150 gold pieces
 13624 | Orc:1    | Noticed an orc sorcerer
 13643 | Orc:1    | Reached skill level 14 in Fighting
 13724 | Orc:1    | Paralysed by an orc sorcerer for 4 turns
 13733 | Orc:1    | Killed an orc sorcerer
 13757 | Orc:1    | Reached **** piety under Okawaru
 13801 | Orc:1    | Identified the Almanac of Feathers
 14097 | Orc:3    | Noticed Rupert
 14235 | Orc:4    | Entered Level 4 of the Orcish Mines
 14235 | Orc:4    | Noticed Josephine
 14410 | D:11     | Found a shattered altar of Ashenzari.
 14414 | D:11     | Saw a vision of the Shoals and the Spider Nest.
 14414 | D:11     | Noticed a siren
 14414 | D:11     | Noticed a sea snake
 14514 | D:11     | Reached skill level 15 in Fighting
 14872 | D:12     | Noticed Azrael
 14963 | D:12     | Noticed a hill giant
 15305 | D:12     | Killed a hill giant
 15351 | D:12     | Reached skill level 1 in Evocations
 15455 | D:12     | Noticed an unseen horror
 15461 | D:12     | Killed an unseen horror
 15674 | D:13     | Noticed an eight-headed hydra
 16141 | D:8      | Killed an orc knight
 16184 | D:8      | Found a staircase to the Lair.
 16440 | Lair:1   | Entered Level 1 of the Lair of Beasts
 16549 | Lair:1   | Reached skill level 10 in Axes
 16586 | Lair:1   | Reached ***** piety under Okawaru
 16638 | Lair:1   | Gained mutation: You are partially covered in thin metallic scales (AC +2). [demonic ancestry]
 16638 | Lair:1   | Reached XP level 12. HP: 66/110 MP: 13/13
 17621 | Lair:2   | Received a gift from Okawaru
 17784 | Lair:2   | Found a labyrinth entrance.
 18821 | Lair:3   | Noticed Gastronok
 18860 | Lair:3   | Killed Gastronok
 19132 | Lair:3   | Noticed a seven-headed hydra
 19138 | Lair:3   | Killed a seven-headed hydra
 20073 | Lair:4   | Received a gift from Okawaru
 20073 | Lair:4   | Gained mutation: A demonic guardian rushes to your aid. [demonic ancestry]
 20073 | Lair:4   | Reached XP level 13. HP: 66/116 MP: 16/16
 20766 | Lair:5   | Received a gift from Okawaru
 21171 | Lair:5   | Found a hole to the Spider Nest.
 21300 | Lair:6   | Found a staircase to the Slime Pits.
 21792 | Lair:6   | Found a staircase to the Shoals.
 22219 | Lair:6   | Received a gift from Okawaru
 22276 | Lair:6   | Noticed an acid blob
 22283 | Lair:6   | Killed an acid blob
 22507 | Lair:7   | Reached skill level 5 in Invocations
 22675 | Lair:7   | Received a gift from Okawaru
 22700 | Lair:7   | Got a bloodstained battleaxe {god gift}
 22742 | Lair:6   | Identified the +6 battleaxe "Ynoschats" {flame, Int+5} (Okawaru gifted it to you on level 7 of the Lair of Beasts)
 22909 | Lair:7   | Reached skill level 15 in Axes
 23240 | Lair:7   | Reached ****** piety under Okawaru
 23578 | Lair:8   | Entered Level 8 of the Lair of Beasts
 23587 | Lair:8   | Reached XP level 14. HP: 43/123 MP: 18/18
 24214 | Lair:8   | Received a gift from Okawaru
 24665 | Lair:8   | Got a shimmering hand axe {god gift}
 24666 | Lair:8   | Identified the +3 hand axe of Duty {chop, rElec rC+ Dex-5} (Okawaru gifted it to you on level 8 of the Lair of Beasts)
 24739 | Lair:8   | Reached skill level 16 in Axes
 24992 | Lair:8   | Received a gift from Okawaru
 25817 | Orc:3    | Killed Rupert
 26301 | Orc:4    | Killed Josephine
 26373 | Orc:4    | Noticed an orc high priest
 26377 | Orc:4    | Noticed Urug
 26662 | Orc:4    | Found a staircase to the Elven Halls.
 26966 | Orc:4    | Noticed an orc warlord
 26979 | Orc:4    | Killed an orc warlord
 27005 | Orc:4    | Reached skill level 10 in Armour
 27218 | Orc:4    | Killed Urug
 27218 | Orc:4    | Received a gift from Okawaru
 27370 | Orc:4    | Killed an orc high priest
 27388 | Orc:4    | Found a roughly hewn altar of Beogh.
 27517 | Orc:4    | Received a gift from Okawaru
 27518 | Orc:4    | Got a translucent hat {god gift}
 27519 | Orc:4    | Found Pun Empekli's General Store.
 27550 | Orc:4    | Identified the -4 hat of Leaves {*Contam rN++ Dex+6} (Okawaru gifted it to you on level 4 of the Orcish Mines)
 27575 | Orc:4    | Gained mutation: You occasionally shout uncontrollably at your foes. [mutagenic glow]
 27804 | Orc:4    | Bought a potion of heal wounds for 65 gold pieces
 27812 | Orc:4    | Found Norol's Antique Weapon Shoppe.
 27828 | Orc:4    | Found Ruah Meh's Antique Armour Shoppe.
 27837 | Orc:4    | Bought a scorched chain mail for 275 gold pieces
 27847 | Orc:4    | Identified the +3 chain mail of Defence {*Contam Str+8} (You bought it in a shop on level 4 of the Orcish Mines)
 27855 | Orc:4    | Found Cixzirorr's Book Shoppe.
 28499 | D:13     | Killed a six-headed hydra
 28519 | D:13     | Noticed an ogre mage
 28535 | D:13     | Killed an ogre mage
 28551 | D:13     | Noticed a hill giant
 28557 | D:13     | Killed a hill giant
 28666 | D:13     | Noticed a centaur warrior
 28670 | D:13     | Killed a centaur warrior
 28686 | D:13     | Noticed a hill giant
 28687 | D:13     | Noticed a skeletal warrior
 28690 | D:13     | Killed a hill giant
 28694 | D:13     | Killed a skeletal warrior
 28731 | D:13     | Noticed a wizard
 28732 | D:13     | Gained mutation: You are mostly covered in thin metallic scales (AC +3). [demonic ancestry]
 28732 | D:13     | Reached XP level 15. HP: 129/129 MP: 21/21
 28739 | D:13     | Killed a wizard
 28773 | D:13     | Noticed an unseen horror
 28774 | D:13     | Killed an unseen horror
 28829 | D:13     | Noticed a four-headed hydra
 28835 | D:13     | Killed a one-headed hydra
 28905 | D:13     | Identified the Tome of Mutagenic Cold
 29042 | D:13     | Noticed Maud
 29050 | D:13     | Killed Maud
 29242 | D:13     | Noticed a centaur warrior
 29248 | D:13     | Killed a centaur warrior
 29248 | D:13     | Reached skill level 17 in Axes
 29415 | D:13     | Noticed an ice dragon
 29416 | D:13     | Noticed a skeletal warrior
 29422 | D:13     | Killed an ice dragon
 29428 | D:13     | Killed a skeletal warrior
 29442 | D:13     | Noticed a hill giant
 29445 | D:13     | Killed a hill giant
 29453 | D:13     | Got a scorched plate armour
 29464 | D:13     | Identified the cursed +0 plate armour of Inquiry {rF+ Stlth+} (You found it on level 13 of the Dungeon)
 29511 | D:13     | Gained mutation: Your body sometimes deteriorates upon taking damage. [mutagenic glow]
 30070 | D:12     | Killed Azrael
 30135 | D:14     | Found a gate to the Vaults.
 30161 | D:14     | Noticed Frances
 30830 | D:14     | Found a shadowy altar of Dithmenos.
 30875 | D:14     | Reached skill level 18 in Axes
 31185 | D:14     | Killed Frances
 31337 | D:15     | Entered Level 15 of the Dungeon
 31362 | D:15     | Received a gift from Okawaru
 31438 | D:15     | Found a staircase to the Depths.
 32770 | D:15     | Found a runed door.
 32874 | D:15     | Gained mutation: You have razor-sharp toenails. [demonic ancestry]
 32874 | D:15     | Reached XP level 16. HP: 136/136 MP: 22/22
 32977 | D:15     | Found Veuz's Antique Weapon Shoppe.
 33021 | D:15     | Reached skill level 19 in Axes
 34450 | Spider:1 | Entered Level 1 of the Spider Nest
 34509 | Spider:1 | Noticed Shenda's ghost (journeyman MiFi)
 34523 | Spider:1 | Killed Shenda's ghost
 35204 | Spider:1 | Received a gift from Okawaru
 35395 | Spider:2 | Noticed Arachne
 35673 | Spider:2 | Killed Arachne
 36204 | Spider:2 | Reached skill level 5 in Evocations
 37004 | Spider:2 | Received a gift from Okawaru
 37007 | Spider:2 | Got a transparent hat {god gift}
 37018 | Spider:2 | Identified the +0 hat of Sloth {Stlth+} (Okawaru gifted it to you on level 2 of the Spider Nest)
 38366 | Spider:4 | Entered Level 4 of the Spider Nest
 38562 | Spider:4 | Noticed Asterion
 38583 | Spider:4 | Killed Asterion
 39005 | Spider:4 | Reached XP level 17. HP: 119/142 MP: 23/23
 39142 | Spider:4 | Received a gift from Okawaru
 40596 | Spider:4 | Got a gossamer rune of Zot
 40971 | Shoals:1 | Entered Level 1 of the Shoals
 42024 | Shoals:2 | Reached skill level 15 in Armour
 42741 | Shoals:2 | Found Hyarphoeg's Gadget Emporium.
 43434 | Shoals:3 | Found a flickering gateway to a bazaar.
 43444 | Bazaar   | Entered a bazaar
 43444 | Bazaar   | Found Hayrouja's Gadget Emporium.
 43444 | Bazaar   | Found Upluh's Antique Armour Emporium.
 43463 | Bazaar   | Found Ogrok's General Store.
 43471 | Bazaar   | Bought a potion of heal wounds for 50 gold pieces
 43471 | Bazaar   | Bought a potion of might for 40 gold pieces
 43474 | Bazaar   | Found Wocez's Antique Weapon Shoppe.
 43493 | Bazaar   | Found Hessawupn's Distillery.
 43501 | Bazaar   | Bought a potion of curing for 36 gold pieces
 43501 | Bazaar   | Bought a potion of curing for 36 gold pieces
 43501 | Bazaar   | Bought 2 potions of heal wounds for 120 gold pieces
 43501 | Bazaar   | Bought 2 potions of might for 96 gold pieces
 43501 | Bazaar   | Bought a potion of curing for 36 gold pieces
 43512 | Bazaar   | Bought an ichor-stained scale mail for 144 gold pieces
 43512 | Bazaar   | Bought a pair of slimy gloves for 152 gold pieces
 43558 | Bazaar   | Identified the cursed +0 scale mail of the Gastropod {MR+ rCorr Str+2} (You bought it in a shop in a bazaar)
 43571 | Bazaar   | Identified the +2 pair of gloves of Cigrasch {-Tele Int+2 Dex+10} (You bought it in a shop in a bazaar)
 44396 | Shoals:3 | Gained mutation: You have claws for feet. [demonic ancestry]
 44396 | Shoals:3 | Reached XP level 18. HP: 86/150 MP: 24/24
 44443 | Shoals:3 | Received a gift from Okawaru
 45384 | Shoals:4 | Entered Level 4 of the Shoals
 45443 | Shoals:4 | Noticed Ilsuiw
 45458 | Shoals:4 | HP: 2/150 [merfolk impaler/trident of protection (7)]
 45460 | Shoals:4 | Drowned by a water elemental

Action                   |  1- 3 |  4- 6 |  7- 9 | 10-12 | 13-15 | 16-18 || total
-------------------------+-------+-------+-------+-------+-------+-------++-------
Melee: War axe           |   121 |   224 |   166 |       |       |       ||   511
       Battleaxe         |       |       |   432 |   822 |  1211 |  1232 ||  3697
       Flail             |       |       |       |     4 |    25 |       ||    29
Invok: Heroism           |       |       |       |    19 |    25 |    27 ||    71
       Finesse           |       |       |       |       |     8 |     6 ||    14
Evoke: Stone of tremors  |       |       |       |       |     1 |     1 ||     2
       Box of beasts     |       |       |       |       |     1 |     1 ||     2
  Use: Scroll            |       |     9 |    20 |    11 |    15 |     5 ||    60
       Potion            |       |     4 |     1 |     2 |     3 |     5 ||    15
 Stab: Distracted        |       |     1 |     2 |     8 |     4 |     4 ||    19
  Eat: Chunk             |     1 |     6 |    10 |    24 |    20 |     9 ||    70
       Bread ration      |       |     1 |     1 |       |     3 |     5 ||    10
       Meat ration       |       |       |     2 |     1 |     2 |     1 ||     6
       Pizza             |       |       |     1 |     2 |       |     3 ||     6
       Fruit             |       |       |       |     3 |       |       ||     3
       Royal jelly       |       |       |       |       |     1 |     1 ||     2
       Beef jerky        |       |       |       |       |       |     4 ||     4
